 Dungeon Crawl Stone Soup version 0.28.0 (webtiles) character file.

Game seed: 12605990086038966583

46 Hasart the Shield-Bearer (level 3, -1/30 HPs)
             Began as a Demigod Fighter on Feb 16, 2022.
             Slain by an adder (3 damage)
             ... on level 3 of the Dungeon.
             The game lasted 00:01:32 (1647 turns).

Hasart the Shield-Bearer (Demigod Fighter)          Turns: 1647, Time: 00:01:32

Health: -1/30      AC:  6    Str: 21    XL:     3   Next: 26%
Magic:  5/5        EV:  9    Int: 10    God:
Gold:   61         SH:  4    Dex: 13    Spells: 2/2 levels left

rFire   . . .      SeeInvis .   a - +0 war axe
rCold   . . .      Faith    .   c - +0 buckler
rNeg    . . .      Spirit   .   b - +0 scale mail
rPois   .          Reflect  .   (no helmet)
rElec   .          Harm     .   (no cloak)
rCorr   .          Rampage  .   (no gloves)
Will    +....                   (no boots)
Stlth   ..........              (no amulet)
HPRegen 0.10/turn               f - ring of willpower
MPRegen 0.09/turn               (no ring)

@: no status effects
A: high MP 1, forlorn, divine attributes
a: no special abilities


You were on level 3 of the Dungeon.
You visited 1 branch of the dungeon, and saw 3 of its levels.

You collected 61 gold pieces.

Inventory:

Hand Weapons
 a - a +0 war axe (weapon)
Armour
 b - a +0 scale mail (worn)
 c - a +0 buckler (worn)
Jewellery
 f - a ring of willpower (left hand)
Scrolls
 g - a scroll of blinking {unknown}
Potions
 d - a potion of might
 e - a potion of ambrosia {unknown}
 h - a potion of cancellation {unknown}


   Skills:
 + Level 2.9 Fighting
 * Level 2.4 Axes
 + Level 2.9 Armour
 + Level 0.9 Dodging
 + Level 3.0 Shields


You had 2 spell levels left.
You didn't know any spells.
Your spell library contained the following spells:

 Spells                   Type           Power      Damage    Failure   Level
 Ensorcelled Hibernation  Hex/Ice        0%         N/A       90%         2
 Passwall                 Tmut/Erth      0%         N/A       90%         2
 Call Canine Familiar     Summ           0%         N/A       99%         3
 Portal Projectile        Hex/Tloc       0%         N/A       99%         3
 Swiftness                Air            0%         N/A       99%         3
 Leda's Liquefaction      Hex/Erth       0%         N/A       100%        4


Dungeon Overview and Level Annotations

Branches:
Dungeon (3/15)


Innate Abilities, Weirdness & Mutations

You have an increased reservoir of magic. (+10% MP)
You shall have no god before yourself.
Your divine heritage dramatically boosts your attributes as you level up.


Message History

The orc is severely wounded.
You block the orc's attack.
You hit the orc.
The orc is almost dead.
The orc hits you with a +0 club.
You barely miss the orc.
The orc is almost dead.
The orc hits you with a +0 club. x2
You slash the orc!
You kill the orc!
The jackal bites you but does no damage.
You block the jackal's attack.
You closely miss the jackal. The jackal bites you.
The jackal bites you but does no damage.
You hit the jackal.
The jackal is heavily wounded.
The jackal bites you. x2
* * * LOW HITPOINT WARNING * * *
You slash the jackal!
You kill the jackal!
The adder closely misses you.
You hit the adder.
The adder is lightly wounded.
The adder bites you.
* * * LOW HITPOINT WARNING * * *
The adder bites you but does no damage.
You miss the adder.
The adder is lightly wounded.
The adder barely misses you. The adder closely misses you.
You barely miss the adder.
The adder is lightly wounded.
The adder barely misses you. x2
You barely miss the adder.
The adder is lightly wounded.
The adder bites you.
* * * LOW HITPOINT WARNING * * *
You barely miss the adder.
The adder is lightly wounded.
The adder bites you.
You die...

#.###h##.....#..#..#
#.##.....#......
#.##.....##.#..##
#.##.....##.#..#
#h##......#.#.<#
#o##......#.#
#{##..#..#. #S# #@#
##.### #....# #....#
#....# #....# #....#
#....# #....#


You could see an adder, an orc and a jackal.

Vanquished Creatures
  An orc (D:3)
  4 ball pythons
  5 endoplasms
  3 goblins
  5 hobgoblins
  4 jackals
  2 kobolds (D:2)
  4 quokkas
  2 bats
  2 frilled lizards
  6 rats
38 creatures vanquished.

Notes
Turn   | Place    | Note
-------+----------+-------------------------------------------
     0 | D:1      | Hasart the Demigod Fighter began the quest for the Orb.
     0 | D:1      | Reached XP level 1. HP: 18/18 MP: 3/3
   332 | D:1      | Reached XP level 2. HP: 24/25 MP: 4/4
   981 | D:2      | Reached skill level 3 in Shields
  1237 | D:2      | Reached XP level 3. HP: 26/30 MP: 5/5
  1647 | D:3      | Slain by an adder

Illustrated notes

Levels and vault maps discovered:
D:1:      amcnicky_arrival_gap_in_the_tavern_cellar, layout_rooms,
          hellmonk_ecumenical_altar_lost_god
D:2:      layout_loops_cross
D:3:      layout_basic, chequers_decorated_corner

Skill      XL: |  1  2 |
---------------+-------+-----
Axes           | 2 |  2.4
Shields        | 3 |  3.0
Fighting       | |  2.9
Armour         | |  2.9
Dodging        | |  0.9

Action                   || total
-------------------------++-------
Melee: War axe           ||   127
Armor: Scale mail        ||    62
Dodge: Dodged            ||    63
Block: Buckler           ||    27
